TOP OF THE 1ST |
UCLA Bruins batting - Pitching for University of South Carolina Gamecocks : RHP Jose Clemente
|
Pitching: RHP Jose Clemente
|
|
Batting: RHB Hidesuke Yoshida
|
0-0: Ball 1-0: Called Strike 1-1: Ball 2-1: Foul Ball, location: 2F 2-2: Ball 3-2: Foul Ball, location: 2F 3-2: Ground out 5-3 (Groundball, 5, EV 82.5 MPH)
|
Batting: RHB Benedikt Fleischmann
|
0-0: Foul Ball, location: 2F 0-1: Foul Ball, location: 2F 0-2: Ball 1-2: Foul Ball, location: 2F 1-2: Ground out 5-3 (Groundball, 56, EV 101.2 MPH)
|
Batting: RHB Issac Konol
|
0-0: Foul Ball, location: 2F 0-1: Ball 1-1: Foul Ball, location: 2F 1-2: Ball 2-2: Foul Ball, location: 2F 2-2: Ball 3-2: Foul Ball, location: 2F 3-2: Ground out 3-1 (Groundball, 34S, EV 88.1 MPH)
|
Top of the 1st over - 0 runs, 0 hits, 0 errors, 0 left on base; UCLA 0 - University of South Carolina 0 |
BOTTOM OF THE 1ST |
University of South Carolina Gamecocks batting - Pitching for UCLA Bruins : LHP Sandy Benitez
|
Pitching: LHP Sandy Benitez
|
|
Batting: RHB Mike Chiquete
|
0-0: Ground out 5-3 (Groundball, 5L, EV 83.1 MPH)
|
Batting: RHB Mike Berzins
|
0-0: Called Strike 0-1: Swinging Strike 0-2: Ball 1-2: Strikes out swinging
|
Batting: LHB Jose Mafano
|
0-0: Called Strike 0-1: Fly out, F7 (Flyball, 7S, EV 75.6 MPH)
|
Bottom of the 1st over - 0 runs, 0 hits, 0 errors, 0 left on base; UCLA 0 - University of South Carolina 0 |
TOP OF THE 2ND |
UCLA Bruins batting - Pitching for University of South Carolina Gamecocks : RHP Jose Clemente
|
Batting: RHB Angel Melendez
|
0-0: Ball 1-0: SINGLE (Line Drive, 89S, EV 89.4 MPH)
|
Batting: SHB Sean Munns
|
0-0: Called Strike 0-1: Ball 1-1: SINGLE (Line Drive, 34, EV 94.4 MPH) Angel Melendez to second
|
Batting: LHB Mark Cummings
|
0-0: Called Strike 0-1: Foul Ball, location: 2F 0-2: Fly out, F7 (Flyball, 7D, EV 101.2 MPH) Runner from 2nd tags up, SAFE at 3rd, no throw by LF
|
Batting: RHB Roman Lauder
|
0-0: Called Strike 0-1: Foul Ball, location: 2F 0-2: Ball 1-2: DOUBLE (Line Drive, 9LM, EV 102.5 MPH) Angel Melendez scores Sean Munns to third
|
Batting: RHB Juan Carrillo
|
0-0: Ball 1-0: Foul Ball, location: 2F 1-1: Called Strike 1-2: Ball 2-2: Fly out, F8 (Line Drive, 8LD, EV 100.6 MPH) Runner from 3rd tags up, SCORES, throw by CF
|
Batting: RHB Carlos Murillo
|
0-0: Ball 1-0: Ball 2-0: Swinging Strike 2-1: Ball 3-1: Base on Balls
|
Batting: RHB Hidesuke Yoshida
|
0-0: Ball 1-0: Foul Ball, location: 2F 1-1: Ball 2-1: Called Strike 2-2: SINGLE (Groundball, 5S, EV 68.1 MPH) (infield hit) Roman Lauder to third Carlos Murillo to second
|
Batting: RHB Benedikt Fleischmann
|
0-0: Called Strike 0-1: Ball 1-1: DOUBLE (Line Drive, 7LM, EV 106.9 MPH) Roman Lauder scores Carlos Murillo scores Hidesuke Yoshida to third Runner from 3rd tries for Home, SAFE, throw by LF to home
|
Batting: RHB Issac Konol
|
0-0: Called Strike 0-1: DOUBLE (Groundball, 5L, EV 106.9 MPH) Benedikt Fleischmann scores
|
Pitching: RHP Jose Barrientos
|
|
Batting: RHB Angel Melendez
|
0-0: Called Strike 0-1: Ground out 6-3 (Groundball, 6, EV 83.8 MPH)
|
Top of the 2nd over - 6 runs, 6 hits, 0 errors, 1 left on base; UCLA 6 - University of South Carolina 0 |
BOTTOM OF THE 2ND |
University of South Carolina Gamecocks batting - Pitching for UCLA Bruins : LHP Sandy Benitez
|
Batting: RHB Danny Rodriguez
|
0-0: Ball 1-0: Ball 2-0: Called Strike 2-1: Swinging Strike 2-2: Ground out 6-3 (Groundball, 56, EV 96.2 MPH)
|
Batting: RHB Emanuel Estrada
|
0-0: Ball 1-0: Foul Ball, location: 2F 1-1: Fly out, F7 (Flyball, 7, EV 78.8 MPH)
|
Batting: RHB Carlos Viera
|
0-0: Ball 1-0: Ground out 5-3 (Groundball, 56, EV 104.4 MPH)
|
Bottom of the 2nd over - 0 runs, 0 hits, 0 errors, 0 left on base; UCLA 6 - University of South Carolina 0 |
TOP OF THE 3RD |
UCLA Bruins batting - Pitching for University of South Carolina Gamecocks : RHP Jose Barrientos
|
Batting: SHB Sean Munns
|
0-0: Foul Ball, location: 2F 0-1: Swinging Strike 0-2: Strikes out swinging
|
Batting: LHB Mark Cummings
|
0-0: Ball 1-0: Ball 2-0: Foul Ball, location: 2F 2-1: Ground out 6-3 (Groundball, 6, EV 83.1 MPH)
|
Batting: RHB Roman Lauder
|
0-0: Ball 1-0: Ball 2-0: Called Strike 2-1: DOUBLE (Line Drive, 3D, EV 101.9 MPH)
|
Batting: RHB Juan Carrillo
|
0-0: Fly out, F7 (Flyball, 7LS, EV 89.4 MPH)
|
Top of the 3rd over - 0 runs, 1 hit, 0 errors, 1 left on base; UCLA 6 - University of South Carolina 0 |
BOTTOM OF THE 3RD |
University of South Carolina Gamecocks batting - Pitching for UCLA Bruins : LHP Sandy Benitez
|
Batting: RHB Pablo Henriquez
|
0-0: Fly out, F8 (Flyball, 8RD, EV 108.1 MPH)
|
Batting: LHB Alex Vazquez
|
0-0: Ground out U3 (Groundball, 34, EV 87.5 MPH)
|
Batting: RHB Mark Squires
|
0-0: Ball 1-0: Foul Ball, location: 2F 1-1: Swinging Strike 1-2: Ball 2-2: SINGLE (Flyball, 8LS, EV 91.9 MPH)
|
Batting: RHB Mike Chiquete
|
0-0: Fly out, F7 (Flyball, 7S, EV 92.5 MPH)
|
Bottom of the 3rd over - 0 runs, 1 hit, 0 errors, 1 left on base; UCLA 6 - University of South Carolina 0 |
TOP OF THE 4TH |
UCLA Bruins batting - Pitching for University of South Carolina Gamecocks : RHP Jose Barrientos
|
Batting: RHB Carlos Murillo
|
0-0: Called Strike 0-1: Fly out, F9 (Flyball, 9LM, EV 96.9 MPH)
|
Batting: RHB Hidesuke Yoshida
|
0-0: Foul Ball, location: 2F 0-1: SINGLE (Groundball, 56D, EV 96.2 MPH)
|
Batting: RHB Benedikt Fleischmann
|
0-0: SINGLE (Groundball, 34D, EV 96.2 MPH) Hidesuke Yoshida to second Runner from 2nd tries for 3rd, SAFE, throw by RF made to third
|
Batting: RHB Issac Konol
|
0-0: Ball 1-0: Called Strike 1-1: Grounds into double play, 6-4-3 (Groundball, 6, EV 100.6 MPH)
|
Top of the 4th over - 0 runs, 2 hits, 0 errors, 1 left on base; UCLA 6 - University of South Carolina 0 |
BOTTOM OF THE 4TH |
University of South Carolina Gamecocks batting - Pitching for UCLA Bruins : LHP Sandy Benitez
|
Batting: RHB Mike Berzins
|
0-0: Called Strike 0-1: Foul Ball, location: 2F 0-2: Fly out, F7 (Flyball, 7LS, EV 88.8 MPH)
|
Batting: LHB Jose Mafano
|
0-0: Foul Ball, location: 2F 0-1: Swinging Strike 0-2: Strikes out swinging
|
Batting: RHB Danny Rodriguez
|
0-0: Foul Ball, location: 2F 0-1: Ball 1-1: Foul Ball, location: 2F 1-2: Fly out, F8 (Flyball, 8LD, EV 102.5 MPH)
|
Bottom of the 4th over - 0 runs, 0 hits, 0 errors, 0 left on base; UCLA 6 - University of South Carolina 0 |
TOP OF THE 5TH |
UCLA Bruins batting - Pitching for University of South Carolina Gamecocks : RHP Jose Barrientos
|
Batting: RHB Angel Melendez
|
0-0: Ball 1-0: Ball 2-0: Foul Ball, location: 2F 2-1: Ball 3-1: DOUBLE (Line Drive, 8RD, EV 107.5 MPH)
|
Batting: SHB Sean Munns
|
0-0: Foul Ball, location: 2F 0-1: Ball 1-1: Ball 2-1: Swinging Strike 2-2: Foul Ball, location: 2F 2-2: Foul Ball, location: 2F 2-2: Ball 3-2: Foul Ball, location: 2F 3-2: 2-RUN HOME RUN (Flyball, 89XD, EV 103.8 MPH), Distance : 394 ft
|
Batting: LHB Mark Cummings
|
0-0: Ball 1-0: Foul Ball, location: 2F 1-1: Foul Ball, location: 2F 1-2: Ball 2-2: Ball 3-2: Fly out, F8 (Flyball, 8RM, EV 91.2 MPH)
|
Batting: RHB Roman Lauder
|
0-0: Ball 1-0: Called Strike 1-1: Called Strike 1-2: Strikes out swinging
|
Batting: RHB Juan Carrillo
|
0-0: Ball 1-0: SINGLE (Line Drive, 8RS, EV 113.1 MPH)
|
Pitching: RHP Elijah McKay
|
|
Batting: RHB Carlos Murillo
|
0-0: Ball 1-0: Foul Ball, location: 2F 1-1: Swinging Strike 1-2: Foul Ball, location: 2F 1-2: Ball 2-2: Strikes out swinging
|
Top of the 5th over - 2 runs, 3 hits, 0 errors, 1 left on base; UCLA 8 - University of South Carolina 0 |
BOTTOM OF THE 5TH |
University of South Carolina Gamecocks batting - Pitching for UCLA Bruins : LHP Sandy Benitez
|
Batting: RHB Emanuel Estrada
|
0-0: Ground out 5-3 (Groundball, 56, EV 80.6 MPH)
|
Batting: RHB Carlos Viera
|
0-0: Foul Ball, location: 2F 0-1: SINGLE (Line Drive, 8LS, EV 101.9 MPH)
|
Batting: RHB Pablo Henriquez
|
0-0: Called Strike 0-1: Foul Ball, location: 2F 0-2: Ball 1-2: Fielders Choice at 2nd, 4-6 (Groundball, 4, EV 88.1 MPH)
|
Batting: LHB Alex Vazquez
|
0-0: Swinging Strike 0-1: Called Strike Pablo Henriquez steals 2nd base 0-2: Strikes out swinging
|
Bottom of the 5th over - 0 runs, 1 hit, 0 errors, 1 left on base; UCLA 8 - University of South Carolina 0 |
TOP OF THE 6TH |
UCLA Bruins batting - Pitching for University of South Carolina Gamecocks : RHP Elijah McKay
|
Batting: RHB Hidesuke Yoshida
|
0-0: SINGLE (Line Drive, 4MD, EV 94.4 MPH)
|
Batting: RHB Benedikt Fleischmann
|
0-0: Ball 1-0: Called Strike 1-1: Ball 2-1: Ball 3-1: Grounds into double play, 4-6-3 (Groundball, 4, EV 98.8 MPH)
|
Batting: RHB Issac Konol
|
0-0: Ball 1-0: Foul Ball, location: 2F 1-1: Swinging Strike 1-2: Strikes out looking
|
Top of the 6th over - 0 runs, 1 hit, 0 errors, 0 left on base; UCLA 8 - University of South Carolina 0 |
BOTTOM OF THE 6TH |
University of South Carolina Gamecocks batting - Pitching for UCLA Bruins : LHP Sandy Benitez
|
Pitching: RHP Jan Marvel
|
|
Batting: RHB Mark Squires
|
0-0: Called Strike 0-1: Foul Ball, location: 2F 0-2: Ball 1-2: Hit by Pitch
|
Batting: RHB Mike Chiquete
|
0-0: Ball 1-0: Ball 2-0: Grounds into double play, 5-4-3 (Groundball, 5S, EV 81.2 MPH)
|
Batting: RHB Mike Berzins
|
0-0: Ball 1-0: Ball 2-0: Ground out 3-1 (Groundball, 34, EV 104.4 MPH)
|
Bottom of the 6th over - 0 runs, 0 hits, 0 errors, 0 left on base; UCLA 8 - University of South Carolina 0 |
TOP OF THE 7TH |
UCLA Bruins batting - Pitching for University of South Carolina Gamecocks : RHP Elijah McKay
|
Batting: RHB Angel Melendez
|
0-0: Fly out, F8 (Flyball, 8LM, EV 86.2 MPH)
|
Batting: SHB Sean Munns
|
0-0: Ground out U3 (Groundball, 34, EV 103.8 MPH)
|
Batting: LHB Mark Cummings
|
0-0: Called Strike 0-1: Swinging Strike 0-2: Ball 1-2: Ball 2-2: Ball 3-2: SINGLE (Flyball, 4MD, EV 88.1 MPH)
|
Batting: RHB Roman Lauder
|
0-0: Called Strike 0-1: Fly out, F7 (Line Drive, 7S, EV 88.1 MPH)
|
Top of the 7th over - 0 runs, 1 hit, 0 errors, 1 left on base; UCLA 8 - University of South Carolina 0 |
BOTTOM OF THE 7TH |
University of South Carolina Gamecocks batting - Pitching for UCLA Bruins : RHP Jan Marvel
|
Pitching: RHP Luis de Jesus
|
|
Batting: LHB Jose Mafano
|
0-0: Foul Ball, location: 2F 0-1: SINGLE (Groundball, 4MS, EV 70.6 MPH) (infield hit)
|
Batting: RHB Danny Rodriguez
|
0-0: Ball 1-0: Grounds into double play, 4-6-3 (Groundball, 4M, EV 91.9 MPH)
|
Batting: RHB Emanuel Estrada
|
0-0: Called Strike 0-1: Ball 1-1: Foul Ball, location: 2F 1-2: Foul Ball, location: 2F 1-2: Ball 2-2: Foul Ball, location: 2F 2-2: Ball 3-2: DOUBLE (Flyball, 8LXD, EV 97.5 MPH)
|
Pitching: RHP Mark Crawford
|
|
Batting: RHB Carlos Viera
|
0-0: Foul Ball, location: 2F 0-1: Ball 1-1: Ball 2-1: Fly out, F5 (Line Drive, 5L, EV 71.2 MPH)
|
Bottom of the 7th over - 0 runs, 2 hits, 0 errors, 1 left on base; UCLA 8 - University of South Carolina 0 |
TOP OF THE 8TH |
UCLA Bruins batting - Pitching for University of South Carolina Gamecocks : RHP Elijah McKay
|
Pinch Hitting: RHB Michael Alvarado
|
0-0: Called Strike 0-1: Ball 1-1: Called Strike 1-2: Strikes out looking
|
Batting: RHB Carlos Murillo
|
0-0: Called Strike 0-1: Swinging Strike 0-2: Ball 1-2: DOUBLE (Line Drive, 7LM, EV 108.8 MPH)
|
Pitching: RHP Francisco Landin
|
|
Batting: RHB Hidesuke Yoshida
|
0-0: Ball 1-0: Ball 2-0: Ball 3-0: Base on Balls
|
Batting: RHB Benedikt Fleischmann
|
0-0: Called Strike 0-1: Fly out, F8 (Line Drive, 8RS, EV 91.2 MPH)
|
Batting: RHB Issac Konol
|
0-0: Ball 1-0: Ball 2-0: Called Strike 2-1: Fly out, F9 (Flyball, 89M, EV 92.5 MPH)
|
Top of the 8th over - 0 runs, 1 hit, 0 errors, 2 left on base; UCLA 8 - University of South Carolina 0 |
BOTTOM OF THE 8TH |
University of South Carolina Gamecocks batting - Pitching for UCLA Bruins : RHP Mark Crawford
|
Now at SS: Xavier Reeves
|
|
Batting: RHB Pablo Henriquez
|
0-0: Ball 1-0: Ball 2-0: Reached on error, E6 (Groundball, 6D, EV 83.8 MPH)
|
Batting: LHB Alex Vazquez
|
0-0: SINGLE (Flyball, 78S, EV 93.1 MPH) Pablo Henriquez to second
|
Batting: RHB Mark Squires
|
0-0: Called Strike 0-1: Ball 1-1: Ball 2-1: Foul Ball, location: 2F 2-2: Strikes out swinging
|
Pitching: LHP Joe Landgraff
|
|
Batting: RHB Mike Chiquete
|
0-0: SINGLE (Line Drive, 4M, EV 105.6 MPH) Pablo Henriquez to third Alex Vazquez to second
|
Batting: RHB Mike Berzins
|
0-0: Ball 1-0: Foul Ball, location: 2F 1-1: Fly out, F4 (Popup, 4S, EV 76.9 MPH)
|
Pinch Hitting: RHB Jim Smallwood
|
0-0: Foul Ball, location: 2F 0-1: Ground out 4-3 (Groundball, 4, EV 101.9 MPH)
|
Bottom of the 8th over - 0 runs, 2 hits, 1 error, 3 left on base; UCLA 8 - University of South Carolina 0 |
TOP OF THE 9TH |
UCLA Bruins batting - Pitching for University of South Carolina Gamecocks : RHP Francisco Landin
|
Now in RF: Jim Smallwood
|
|
Batting: RHB Angel Melendez
|
0-0: SOLO HOME RUN (Flyball, 9D, EV 93.8 MPH), Distance : 353 ft
|
Batting: SHB Sean Munns
|
0-0: Ball 1-0: SINGLE (Groundball, 34D, EV 95.6 MPH)
|
Batting: LHB Mark Cummings
|
0-0: Fielders Choice at 2nd, 5-4 (Groundball, 5L, EV 86.9 MPH)
|
Batting: RHB Roman Lauder
|
0-0: Fly out, F7 (Line Drive, 7, EV 93.1 MPH)
|
Batting: RHB Xavier Reeves
|
0-0: Ball 1-0: Called Strike 1-1: Fly out, F8 (Flyball, 8RM, EV 81.9 MPH)
|
Top of the 9th over - 1 run, 2 hits, 0 errors, 1 left on base; UCLA 9 - University of South Carolina 0 |
BOTTOM OF THE 9TH |
University of South Carolina Gamecocks batting - Pitching for UCLA Bruins : LHP Joe Landgraff
|
Pinch Hitting: RHB Colin Morris
|
0-0: Called Strike 0-1: Hit by Pitch
|
Batting: RHB Emanuel Estrada
|
0-0: Ball 1-0: Foul Ball, location: 2F 1-1: Ball 2-1: Ball 3-1: Foul Ball, location: 2F 3-2: Reached on error, E4 (Groundball, 4, EV 87.5 MPH) Colin Morris to second
|
Batting: RHB Carlos Viera
|
0-0: Called Strike 0-1: Ball 1-1: Ball 2-1: Foul Ball, location: 2F 2-2: Grounds into double play, 6-4-3 (Groundball, 6, EV 104.4 MPH) Colin Morris to third
|
Pinch Hitting: RHB Christopher Arnett
|
0-0: Called Strike 0-1: Ball 1-1: Ball 2-1: Called Strike 2-2: Ball 3-2: Base on Balls
|
Batting: LHB Alex Vazquez
|
0-0: Foul Ball, location: 2F 0-1: Foul Ball, location: 2F 0-2: Strikes out swinging
|
Bottom of the 9th over - 0 runs, 0 hits, 1 error, 2 left on base; UCLA 9 - University of South Carolina 0 |
|